 Dungeon Crawl Stone Soup version 0.28-a0-779-g3d1f99b579 (webtiles) character file.

Game seed: 1859192342318787935

515615 Twinkles the Slayer (level 27, -2/229 HPs)
             Began as a Human Berserker on Oct 25, 2021.
             Was a High Priest of Trog.
             Killed from afar by an ancient lich (38 damage)
             ... with a bolt of acid
             ... on level 5 of the Vaults on Nov 3, 2021.
             The game lasted 09:14:36 (113271 turns).

Twinkles the Slayer (Human Berserker)             Turns: 113271, Time: 09:14:37

Health: -2/229     AC: 44    Str: 32    XL:     27
Magic:  23/23      EV: 13    Int:  8    God:    Trog [*****.]
Gold:   2953       SH: 22    Dex: 14    Spells: 26/26 levels left

rFire   + + +      SeeInvis +   a - +11 eveningstar of Chance {vorpal, Will+ Str+3}
rCold   + . .      Faith    +   r - +2 tower shield
rNeg    + . .      Spirit   .   c - +7 gold dragon scales
rPois   +          Reflect  .   j - +3 crown of Dyrovepreva {rElec Int+2 SInv}
rElec   +          Harm     .   T - +2 cloak
rCorr   .          Rampage  .   k - +2 pair of gloves
Will    ++++.                   f - +2 pair of boots
Stlth   ..........              B - amulet of faith
HPRegen 0.48/turn               V - ring of Zengymo {rF+ rN+ Str+2 Int-4 Stlth+}
MPRegen 0.18/turn               K - ring "Iryguefyplu" {rElec rPois rF+ Will+}

@: studying 3 skills
A: no striking features
}: 2/15 runes: serpentine, barnacled
a: Renounce Religion, Berserk, Trog's Hand, Brothers in Arms


You were on level 5 of the Vaults.
You worshipped Trog.
Trog was extremely pleased with you.
You visited 9 branches of the dungeon, and saw 46 of its levels.
You visited the Abyss 1 time.
You visited 1 bazaar.

You collected 6765 gold pieces.
You spent 3812 gold pieces at shops.

Inventory:

Hand Weapons
 a - the +11 eveningstar of Chance (weapon) {vorpal, Will+ Str+3}
   (You acquired it on level 6 of the Lair of Beasts)

   It inflicts extra damage upon your enemies.
   Str:       It affects your strength (+3).
   Will:      It increases your willpower.
 b - the +9 hunting sling "Gynixke" {flame, Str+8 Stlth+}
   (You found it on level 3 of the Elven Halls)

   Any ammunition fired from it burns those it strikes, dealing additional fire
   damage.
   Str:       It affects your strength (+8).
   Stlth:     It makes you more stealthy.
Missiles
 e - 5 curare-tipped darts
 g - 40 boomerangs (quivered)
 o - 4 silver javelins
 q - a javelin
 s - 3 silver boomerangs
 u - 16 throwing nets
 A - 81 sling bullets
Armour
 c - +7 gold dragon scales (worn)
 f - a +2 pair of boots (worn)
 j - the +3 crown of Dyrovepreva (worn) {rElec Int+2 SInv}
   (You bought it in a shop on level 2 of the Orcish Mines)

   Int:       It affects your intelligence (+2).
   rElec:     It insulates you from electricity.
   SInv:      It lets you see invisible.
 k - a +2 pair of gloves (worn)
 r - a +2 tower shield (worn)
 T - a +2 cloak (worn)
Jewellery
 n - a ring of resist corrosion
 t - a +4 ring of evasion
 x - a +4 ring of protection
 B - an amulet of faith (around neck)
 K - the ring "Iryguefyplu" (right hand) {rElec rPois rF+ Will+}
   (You acquired it on level 1 of the Vaults)

   [ring of willpower]

   rF:        It protects you from fire.
   rElec:     It insulates you from electricity.
   rPois:     It protects you from poison.
   Will:      It increases your willpower.
 V - the ring of Zengymo (left hand) {rF+ rN+ Str+2 Int-4 Stlth+}
   (You found it on level 3 of the Crypt)

   [ring of positive energy]

   Str:       It affects your strength (+2).
   Int:       It affects your intelligence (-4).
   rF:        It protects you from fire.
   rN:        It protects you from negative energy.
   Stlth:     It makes you more stealthy.
Wands
 d - a wand of digging (21)
 h - a wand of acid (25)
 i - a wand of iceblast (56)
 p - a wand of paralysis (43)
 y - a wand of mindburst (35)
Scrolls
 D - a scroll of blinking
 E - 5 scrolls of fear
 F - 4 scrolls of fog
 O - 3 scrolls of silence
 S - 4 scrolls of summoning
 W - a scroll of holy word
 X - 7 scrolls of magic mapping
 Y - 6 scrolls of teleportation
 Z - 21 scrolls of identify
Potions
 C - 2 potions of cancellation
 G - 3 potions of ambrosia
 H - 7 potions of haste
 I - 2 potions of invisibility
 J - 27 potions of curing
 L - 7 potions of flight
 M - 5 potions of might
 N - 10 potions of heal wounds
 P - 8 potions of lignification
 Q - 3 potions of magic
 R - 2 potions of resistance
 U - 6 potions of mutation
Miscellaneous
 l - a condenser vane (inert)
 m - a phantom mirror (inert)
 v - a lightning rod (4/4)
 w - a phial of floods
 z - a box of beasts


   Skills:
 - Level 21.5 Fighting
 - Level 16.0 Maces & Flails
 - Level 20.2 Throwing
 - Level 20.0 Armour
 + Level 18.5 Dodging
 + Level 17.2 Shields
 + Level 14.2 Evocations


You had 26 spell levels left.
You didn't know any spells.
Your spell library was empty.

Dungeon Overview and Level Annotations

Branches:
Dungeon (15/15)            Temple (0/1) D:4            Lair (6/6) D:11
 Shoals (4/4) Lair:3        Snake (4/4) Lair:2        Slime (0/5) Lair:6
    Orc (2/2) D:11            Elf (3/3) Orc:2        Vaults (5/5) D:14
  Crypt (3/3) Vaults:3       Tomb (0/3) Crypt:3      Depths (4/4) D:15
    Zot (0/5) Depths:4

Altars:
Dithmenos
Qazlal
Ru
Xom
Yredelemnul
Beogh
Jiyva

Shops:
D:13 (   Orc:1 [   Orc:2 ([!?   Elf:2 =   Shoals:3 [[[   Snake:1 *   Snake:2 (
Depths:4 :=:

Portals:
Hell: Depths:1 Depths:2 Depths:3 Depths:4
Abyss: Depths:2 Depths:3
Pandemonium: Depths:2 Depths:4
Ziggurat: Depths:1
Trove: D:14 (give +8 demon trident)

Annotations:
Snake:2 !NIK, Nikola
Elf:1 exclusion: orange crystal statue
Vaults:4 Mennas
Depths:2 exclusion: downstairs


Message History

You block the tentacled monstrosity's attack.
The tentacled monstrosity tentacle-slaps you but does no damage.
You block the tentacled monstrosity's attack.
The tentacled monstrosity constricts you.
* * * LOW HITPOINT WARNING * * *
The ancient lich is engulfed in freezing vapours.
The ancient lich touches you but does no damage.
The tengu reaver hits you with a +2 battleaxe of flaming!
* * * LOW HITPOINT WARNING * * *
You block the tengu reaver's attack. The tengu reaver barely misses you.
The vault warden is engulfed in freezing vapours.
Blink to where?
Press: ? - help, Dir - move target The tentacled monstrosity's grasp on you weakens, but your attempt to escape fails.
As you read the scroll of blinking, it crumbles to dust.
You block the ancient lich's attack.
The tentacled monstrosity tentacle-slaps you but does no damage.
The tentacled monstrosity tentacle-slaps you.
* * * LOW HITPOINT WARNING * * *
The tentacled monstrosity tentacle-slaps you but does no damage.
The tentacled monstrosity constricts you.
* * * LOW HITPOINT WARNING * * *
You block the tengu reaver's attack. The tengu reaver barely misses you.
You block the tengu reaver's attack.
You escape the tentacled monstrosity's grasp.
You block the ancient lich's attack.
The vault warden is engulfed in freezing vapours.
Blink to where?
Press: ? - help, Dir - move target
As you read the scroll of blinking, it crumbles to dust.
You feel much better.
Aiming: Phantom Mirror
Press: ? - help, Dir - move target, f - ancient lich
Aim: an ancient lich (lightly damaged, fast)
You reflect the ancient lich with the mirror!
The mirror clouds!
Your ancient lich touches the ancient lich but does no damage.
The ancient lich gestures at you while chanting.
The bolt of acid hits you!!!
You die...

*,,,,**,,**,,**,,**
#...,**,,**,,**,,**
#..#*,,**,,**,,**,,
#.^#*,,**,,**,,**,,
#..#,**,,**,,**,,**
#..#,**,,**,,**,,**
#..#*,,**,,**,,**,,
#..#*,,**,,**,,**,,
#.@#,**,,**,,**,,**
#..#,**,,**,,**,,**
#..#*,,**,,**,,**,,
#L.#*,,**,,**,,**,,
#.L#,**,,**,,**,,**
#.X#,**,,*#.,**,,**
#..#*,,**..#*,,**,,
#Qp#*,,*#.u**,,**,,
#..#,**.D#*,,**,,**


You could see a tentacled monstrosity, an ancient lich (fast, ally target), a
vault warden, a tengu reaver and a friendly ancient lich (summoned, fast,
drained).

Vanquished Creatures
  Margery (Vaults:2)
  A caustic shrike (Depths:2)
  2 golden dragons
  A bone dragon (Depths:3)
  The ghost of Gerad the Fencer, a veteran VSAK of Lugonu (Elf:2)
  Rupert (Lair:4)
  Jorgrun (Shoals:1)
  A tentacled monstrosity (Vaults:5)
  2 deep elf master archers (Elf:3)
  2 titans
  6 liches
  3 deep elf blademasters (Elf:3)
  3 quicksilver dragons (Depths:3)
  An acid blob (Elf:2)
  6 ancient champions
  A kraken (Shoals:4)
  A walking frostbound tome (Depths:3)
  6 sphinxes
  2 storm dragons (Depths:3)
  3 shadow dragons
  7 tengu reavers
  Donald (Vaults:4)
  6 nagarajas (Snake:4)
  3 revenants
  An azure jelly (Elf:1)
  2 rockslimes
  5 frost giants
  4 fire giants
  2 iron dragons (Depths:3)
  11 vault wardens
  Aizul (Snake:2)
  Louise (Elf:2)
  7 deep elf sorcerers
  A draconian shifter (Depths:4)
  20 ironbound preservers
  2 orc warlords
  A juggernaut zombie (Crypt:1)
  A spectral juggernaut (Crypt:3)
  A caustic shrike skeleton (Crypt:1)
  3 curse skulls
  A deep elf elementalist (Elf:3)
  5 ghouls
  A caustic shrike zombie (Crypt:3)
  13 stone giants
  8 very ugly things
  2 war gargoyles (Vaults:3)
  4 spriggan defenders
  7 vampire knights
  4 deep elf demonologists (Elf:3)
  A red draconian (Depths:4)
  A yellow draconian (Depths:3)
  5 spark wasps
  2 entropy weavers
  8 deep elf annihilators
  2 purple draconians
  19 dire elephants
  8 eidola
  6 merfolk javelineers
  6 deep elf death magi
  7 ettins
  A quicksilver dragon zombie (Crypt:3)
  14 jiangshi
  11 merfolk impalers
  7 fire dragons
  9 yaktaur captains
  A mummy priest (Crypt:3)
  2 deep elf high priests (Elf:3)
  A ragged hierophant (Vaults:1)
  6 ice dragons
  A salamander tyrant (Depths:2)
  6 great orbs of eyes
  2 rakshasas (Depths:1)
  29 vault guards
  A servant of whispers (Vaults:1)
  4 merfolk avatars
  2 peacekeepers (Vaults:3)
  12 ironbound thunderhulks
  15 naga warriors
  8 hydras
  A spectral fenstrider witch (Crypt:3)
  8 ironbound frosthearts
  3 spriggan air magi
  2 catoblepae
  4 two-headed ogres
  An alligator snapping turtle (Shoals:4)
  2 satyrs
  4 boulder beetles
  Erica (D:7)
  7 anacondas
  9 centaur warriors
  4 merfolk aquamancers
  3 deep troll shamans
  3 death knights
  6 spriggan berserkers
  8 shock serpents
  6 death yaks
  6 vampire magi
  30 dancing weapons
  3 orc high priests
  A spectral spriggan (Crypt:3)
  11 naga sharpshooters
  5 tengu warriors
  4 deep troll earth magi
  19 deep elf knights
  2 wretched stars (Abyss:3)
  Sonja (Lair:3)
  4 spriggans
  11 hell knights
  An iron troll (Depths:1)
  2 fire crabs (Shoals:3)
  3 soul eaters (Crypt:3)
  A titan skeleton (Crypt:2)
  13 skeletal warriors
  14 shadow wraiths
  8 salamander mystics
  14 sea snakes
  An entropy weaver zombie (Crypt:1)
  6 lindwurms
  58 deep trolls
  9 bog bodies
  A glowing orange brain (Depths:4)
  20 wizards
  4 orc knights
  A harpy (shapeshifter) (D:14)
  12 naga ritualists
  22 deep elf archers
  5 flayed ghosts
  An anaconda skeleton (Crypt:1)
  23 phantasmal warriors
  14 ironbound convokers
  Pikel (D:8)
  19 harpies
  12 necromancers
  The ghost of pokedragonboy the Destroyer, a novice DECj of Sif Muna (D:8)
  20 manticores
  12 mana vipers
  2 iron dragon zombies
  An oklob plant (Lair:6)
  40 deep elf pyromancers
  30 deep elf zephyrmancers
  7 fauns
  2 orc sorcerers
  A draconian zombie (Crypt:1)
  33 salamanders
  3 stone giant zombies
  A spriggan zombie (Crypt:1)
  37 ugly things
  3 stone giant skeletons
  10 cyclopes
  21 naga magi
  24 elephants
  7 water nymphs
  10 merfolk sirens
  4 guardian serpents
  10 vault sentinels
  Maurice (D:8)
  52 black mambas
  A molten gargoyle (Depths:2)
  A guardian serpent (shapeshifter) (D:14)
  2 eyes of devastation
  A black draconian zombie (Crypt:3)
  A hellion (Abyss:3)
  17 cane toads
  A torpor snail (Lair:6)
  A purple draconian zombie (Crypt:3)
  A yaktaur zombie (Vaults:3)
  2 gargoyles (D:12)
  2 efreet
  An alligator snapping turtle skeleton (Crypt:1)
  4 unseen horrors
  A kobold demonologist (D:10)
  4 rime drakes
  6 guardian mummies (Crypt:3)
  A grey draconian skeleton (Crypt:3)
  An anaconda simulacrum (Crypt:3)
  12 komodo dragons
  A black draconian skeleton (Crypt:2)
  A golden dragon simulacrum (Crypt:2)
  A spectral harpy (Crypt:3)
  A spectral naga (Crypt:3)
  2 tengu conjurers
  9 freezing wraiths
  44 yaktaurs
  A harpy zombie (Crypt:1)
  3 polar bears
  An ancient zyme (Abyss:3)
  4 red devils (Elf:1)
  An iron troll skeleton (Crypt:2)
  A merfolk (shapeshifter) (D:15)
  A meliai (shapeshifter) (Elf:1)
  6 meliai
  41 merfolk
  6 trolls
  A wind drake (shapeshifter) (Depths:3)
  A jumping spider (Vaults:3)
  A wolf spider simulacrum (D:15)
  5 hornets
  15 blink frogs
  A saltling (Vaults:1)
  A hornet (shapeshifter) (Elf:2)
  7 wind drakes
  A dream sheep (shapeshifter) (Vaults:3)
  10 snapping turtles
  A fire dragon zombie (Crypt:3)
  26 slime creatures
  11 dream sheep
  A deep troll skeleton (Vaults:3)
  An air elemental (Elf:1)
  9 flying skulls (Crypt:3)
  6 wyverns
  A merfolk skeleton (Crypt:3)
  11 shadows
  17 water elementals
  61 yaks
  8 wraiths
  2 fire bats (Shoals:3)
  4 large abominations (Depths:2)
  An ettin skeleton (Crypt:3)
  2 fire elementals
  A steam dragon (D:6)
  7 basilisks
  A neqoxec (Abyss:3)
  5 chaos spawn (Depths:2)
  A basilisk (shapeshifter) (D:15)
  3 vampire mosquitoes (D:13)
  48 nagas
  A warg (Orc:2)
  19 water moccasins
  An acid dragon (D:10)
  4 hell hounds (Elf:2)
  2 two-headed ogre skeletons
  A floating eye (Depths:3)
  33 orc warriors
  A black bear (shapeshifter) (D:14)
  A fire dragon simulacrum (Crypt:2)
  2 ice beasts (D:5)
  A black mamba simulacrum (Crypt:2)
  A hornet zombie (Crypt:3)
  3 necrophages
  8 black bears
  5 small abominations
  12 wolves
  3 ogres
  8 centaurs
  A lindwurm skeleton (Crypt:2)
  A manticore skeleton (Crypt:3)
  A blink frog skeleton (Crypt:2)
  A kobold brigand (D:8)
  14 bullfrogs
  A scorpion (D:6)
  4 earth elementals
  A wyvern zombie (Crypt:2)
  A water moccasin skeleton (D:6)
  7 wights
  A polar bear skeleton (Crypt:2)
  A howler monkey (D:12)
  7 electric eels
  4 hounds
  6 centaur zombies
  A bullfrog zombie (D:5)
  21 orc priests
  3 jellies
  2 bullfrog skeletons
  A centaur skeleton (D:4)
  20 orc wizards
  2 iguanas
  A hound zombie (D:5)
  A hound skeleton (D:4)
  A howler monkey zombie (Crypt:2)
  4 gnolls
  4 adders
  A shadow imp (D:7)
  7 white imps
  2 ufetubi
  A worm zombie (Crypt:1)
  An iguana zombie (Crypt:3)
  3 worms
  7 dart slugs
  78 orcs
  7 endoplasms
  2 giant cockroaches
  3 goblins
  7 hobgoblins
  6 jackals
  16 kobolds
  4 quokkas
  A river rat zombie (Crypt:1)
  7 ball pythons
  7 bats
  4 frilled lizards
  2 goblin zombies (Crypt:2)
  A hobgoblin zombie (Crypt:1)
  7 rats
  3 tentacles (Shoals:4)
1983 creatures vanquished.

Vanquished Creatures (collateral kills)
  A juggernaut (Depths:3)
  A golden dragon (Vaults:5)
  A titan (Depths:3)
  A sphinx (Depths:3)
  2 vault wardens
  A very ugly thing (Vaults:5)
  5 vault guards (Vaults:5)
  An ironbound frostheart (Vaults:1)
  A satyr (shapeshifter) (Vaults:5)
  A deep troll (Vaults:1)
  An orc knight (Vaults:5)
  2 ironbound convokers
  2 harpies (Shoals:1)
  An ugly thing (Vaults:5)
  2 manticores (Shoals:1)
  3 merfolk
  2 orc warriors
28 creatures vanquished.

Vanquished Creatures (others)
  A wizard (Depths:2)
  A deep elf zephyrmancer (Elf:2)
  A black mamba (Snake:4)
  A sky beast (D:8)
  2 bushes
  64 fungi
  A lurking horror (Abyss:3)
  111 plants
  3 starspawn tentacles (Abyss:3)
  12 tentacles (Shoals:4)
  4 withered plants (D:15)
201 creatures vanquished.

Grand Total: 2212 creatures vanquished

Notes
Turn   | Place    | Note
-------+----------+-------------------------------------------
     0 | D:1      | Twinkles the Human Berserker began the quest for the Orb.
     0 | D:1      | Reached XP level 1. HP: 18/18 MP: 1/1
   114 | D:1      | Reached XP level 2. HP: 23/24 MP: 2/2
   190 | D:1      | Reached XP level 3. HP: 29/29 MP: 3/3
   726 | D:1      | Reached ** piety under Trog
  1209 | D:2      | Reached XP level 4. HP: 35/35 MP: 4/4
  1558 | D:2      | Found a faded altar of an unknown god.
  1665 | D:2      | Reached XP level 5. HP: 40/42 MP: 5/5
  2250 | D:3      | Found a sacrificial altar of Ru.
  2424 | D:3      | Reached *** piety under Trog
  2715 | D:3      | Reached skill level 4 in Fighting
  3191 | D:4      | Reached XP level 6. HP: 48/48 MP: 6/6
  3543 | D:4      | Identified the +5 dagger of Usanatir {vorpal, Str+7}
  3703 | D:4      | Found a staircase to the Ecumenical Temple.
  4175 | D:5      | Entered Level 5 of the Dungeon
  4259 | D:5      | Reached XP level 7. HP: 52/55 MP: 7/7
  4352 | D:5      | Reached skill level 5 in Fighting
  4352 | D:5      | Reached skill level 5 in Maces & Flails
  4648 | D:5      | Reached skill level 5 in Armour
  4648 | D:5      | Reached XP level 8. HP: 63/63 MP: 8/8
  5335 | D:5      | Reached skill level 6 in Fighting
  6362 | D:6      | Reached XP level 9. HP: 70/71 MP: 9/9
  6522 | D:6      | Reached skill level 7 in Fighting
  7077 | D:7      | Reached **** piety under Trog
  7919 | D:8      | Found a large runed translucent door.
  7919 | D:8      | Found a large runed translucent door.
  7921 | D:8      | Noticed pokedragonboy's ghost (novice DECj)
  8000 | D:8      | Noticed Maurice
  8027 | D:8      | Killed Maurice
  8304 | D:8      | Noticed Erica
  8342 | D:7      | Killed Erica
  8343 | D:7      | Reached skill level 8 in Fighting
  8343 | D:7      | Reached XP level 10. HP: 69/81 MP: 10/10
  8457 | D:8      | Noticed a two-headed ogre
  8467 | D:8      | Killed a two-headed ogre
  8633 | D:8      | Noticed Pikel
  8647 | D:8      | Killed Pikel
  8648 | D:8      | Reached skill level 1 in Shields
  8858 | D:8      | Reached skill level 9 in Fighting
  9618 | D:9      | HP: 18/83 [orc priest/divine providence (11)]
  9622 | D:9      | HP: 8/83 [orc priest/divine providence (11)]
  9624 | D:9      | HP: 2/83 [orc priest (7)]
  9637 | D:9      | HP: 6/83 [orc priest/divine providence (9)]
 10032 | D:9      | Identified the +8 trident "Eblytura" {vorpal, rF+ Will++
                  | Stlth-}
 10162 | D:9      | Reached skill level 1 in Evocations
 10267 | D:9      | Paralysed by a hornet for 1 turns
 10698 | D:9      | Noticed a komodo dragon
 10706 | D:9      | Killed a komodo dragon
 10707 | D:9      | Reached XP level 11. HP: 89/89 MP: 11/11
 10951 | D:10     | Entered Level 10 of the Dungeon
 12773 | D:10     | Reached skill level 10 in Fighting
 13340 | D:11     | Noticed a cyclops
 13357 | D:11     | Killed a cyclops
 13792 | D:11     | Found a staircase to the Lair.
 14206 | D:11     | Reached skill level 5 in Shields
 14387 | D:11     | Reached skill level 10 in Armour
 14548 | D:11     | Reached skill level 5 in Evocations
 14671 | D:11     | Found a staircase to the Orcish Mines.
 14732 | D:11     | Identified the +10 mace "Muwibic" {vorpal, Contam rN+ MP+9
                  | Int+2}
 14797 | D:11     | Noticed a two-headed ogre
 14808 | D:11     | Killed a two-headed ogre
 14809 | D:11     | Reached XP level 12. HP: 99/99 MP: 12/12
 15126 | D:11     | Noticed a two-headed ogre
 15140 | D:11     | Killed a two-headed ogre
 16443 | D:12     | Reached skill level 11 in Fighting
 16907 | D:12     | Noticed a two-headed ogre
 16931 | D:12     | Killed a two-headed ogre
 18653 | D:12     | Reached skill level 12 in Fighting
 19142 | D:13     | Noticed a boulder beetle
 19768 | D:14     | Noticed a skeletal warrior
 19768 | D:14     | Noticed a skeletal warrior
 19768 | D:14     | Noticed a skeletal warrior
 19777 | D:13     | Killed a boulder beetle
 19805 | D:13     | Found Qionuqos's Antique Weapon Emporium.
 19931 | Lair:1   | Entered Level 1 of the Lair of Beasts
 20090 | Lair:1   | Reached XP level 13. HP: 109/109 MP: 13/13
 21544 | Lair:1   | Reached skill level 13 in Fighting
 22454 | Lair:2   | Found a staircase to the Snake Pit.
 25134 | Lair:1   | Reached skill level 14 in Fighting
 26489 | Lair:3   | Found a staircase to the Shoals.
 26939 | Lair:3   | Noticed Sonja
 26954 | Lair:3   | Killed Sonja
 26955 | Lair:3   | Reached skill level 1 in Throwing
 26955 | Lair:3   | Reached XP level 14. HP: 111/111 MP: 14/14
 27226 | Lair:3   | HP: 33/113 [poisoned by a cane toad]
 29602 | Lair:4   | Noticed Rupert
 29663 | Lair:4   | Killed Rupert
 31222 | Lair:5   | Reached skill level 15 in Fighting
 31955 | Lair:4   | Reached skill level 5 in Throwing
 32805 | Lair:6   | Entered Level 6 of the Lair of Beasts
 33021 | Lair:6   | Reached skill level 15 in Armour
 33483 | Lair:6   | Found a staircase to the Slime Pits.
 33484 | Lair:6   | Found a viscous altar of Jiyva.
 33831 | Lair:5   | HP: 31/123 [seven-headed hydra (10)]
 34461 | Lair:6   | Reached XP level 15. HP: 78/129 MP: 15/15
 34473 | Lair:6   | HP: 28/129 [komodo dragon (19)]
 34485 | Lair:6   | HP: 21/129 [komodo dragon (9)]
 37815 | Lair:6   | Reached skill level 16 in Fighting
 38594 | Lair:6   | Identified 2 scrolls of acquirement
 38594 | Lair:6   | Acquired the +11 eveningstar of Chance {vorpal, Will+
                  | Str+3}
 38857 | Orc:1    | Entered Level 1 of the Orcish Mines
 39109 | Orc:2    | Entered Level 2 of the Orcish Mines
 39136 | Orc:2    | Found a staircase to the Elven Halls.
 39214 | Orc:2    | Reached ***** piety under Trog
 40185 | Orc:2    | Reached skill level 10 in Maces & Flails
 40628 | Orc:2    | Noticed an orc warlord
 40667 | Orc:1    | Killed an orc warlord
 41120 | Orc:2    | Received a gift from Trog
 41280 | Orc:2    | Found Enugourgh's Antique Weapon Boutique.
 41282 | Orc:2    | Found Peun Pew's Antique Armour Shop.
 41334 | Orc:2    | Found Keexad Gera's Magic Scroll Emporium.
 41349 | Orc:2    | Bought a scroll of teleportation for 39 gold pieces
 41368 | Orc:2    | Found Viveero's Distillery.
 41509 | Orc:1    | Found Geotsu Bucu's Armour Emporium.
 42875 | D:14     | Reached XP level 16. HP: 126/138 MP: 16/16
 43110 | D:14     | HP: 41/138 [deep elf pyromancer/bolt of fire (17)]
 43729 | D:14     | Upgraded the game from 0.28-a0-723-g095bd1b44f to
                  | 0.28-a0-724-g66f9036eb4
 44274 | D:14     | Received a gift from Trog
 44557 | D:14     | Identified the +1 halberd "Xevar" {drain, *Noise rCorr
                  | Dex+8}
 44954 | D:14     | Found a gate to the Vaults.
 45535 | D:14     | Found a portal to a secret trove of treasure.
 45796 | D:15     | Entered Level 15 of the Dungeon
 45979 | D:15     | Found a staircase to the Depths.
 46083 | D:15     | Received a gift from Trog
 46361 | D:15     | Identified the +3 buckler of Valiance {MP+9}
 47496 | D:15     | Found a sacrificial altar of Ru.
 47680 | Orc:2    | Bought the +3 crown of Dyrovepreva {rElec Int+2 SInv} for
                  | 786 gold pieces
 47680 | Orc:2    | Found the +3 crown of Dyrovepreva {rElec Int+2 SInv}
 47831 | Snake:1  | Entered Level 1 of the Snake Pit
 48144 | Snake:1  | Found Neor's General Store.
 48150 | Snake:1  | Reached skill level 15 in Maces & Flails
 48153 | Snake:1  | Found a shadowy altar of Dithmenos.
 48235 | Snake:1  | Reached XP level 17. HP: 91/144 MP: 17/17
 49668 | Snake:2  | Found Vyj Yrot's Weapon Emporium.
 49711 | Snake:2  | Received a gift from Trog
 52452 | Snake:3  | HP: 26/145 [naga mage (22)]
 52973 | Snake:3  | Noticed Nikola
 53533 | Snake:2  | HP: 48/217 [Nikola/arc of chain lightning (41)]
 54242 | Snake:3  | Noticed Aizul
 54262 | Snake:2  | Killed Aizul
 54263 | Snake:2  | Reached skill level 5 in Dodging
 54709 | Snake:3  | Identified the +2 ring mail of Ajarapofi {*Slow Fly rPois
                  | Will+++}
 54726 | Snake:3  | Reached XP level 18. HP: 143/153 MP: 18/18
 55315 | Snake:4  | Entered Level 4 of the Snake Pit
 55505 | Snake:4  | Upgraded the game from 0.28-a0-724-g66f9036eb4 to
                  | 0.28-a0-726-g4a9143789a
 59094 | Snake:4  | Reached skill level 17 in Fighting
 59099 | Snake:4  | Reached skill level 10 in Throwing
 60451 | Snake:4  | Got a serpentine rune of Zot
 61424 | Shoals:1 | Entered Level 1 of the Shoals
 62114 | Shoals:1 | Reached XP level 19. HP: 144/161 MP: 19/19
 62265 | Shoals:1 | Cast into level 3 of the Abyss (merfolk impaler)
 62358 | Abyss:3  | Noticed a hellephant
 62480 | Shoals:1 | Escaped the Abyss
 62732 | Shoals:1 | Noticed Jorgrun
 62745 | Shoals:1 | Killed Jorgrun
 63073 | Orc:2    | Bought 3 scrolls of acquirement for 2028 gold pieces
 63073 | Orc:2    | Acquired 1256 gold pieces
 63079 | Orc:2    | Bought 2 scrolls of teleportation for 78 gold pieces
 63086 | Orc:2    | Acquired a manual of Fighting
 63120 | Orc:2    | Acquired an amulet of faith
 64214 | Shoals:2 | Received a gift from Trog
 64668 | Shoals:2 | Identified the +7 scimitar of Change {pain, rN+ SInv}
 65370 | Shoals:3 | Found Tuattuih's Armour Shop.
 65609 | Shoals:3 | Found Huboguic's Antique Armour Emporium.
 65615 | Shoals:3 | Found Atikhita's Antique Armour Emporium.
 66361 | Shoals:3 | Reached skill level 18 in Fighting
 66911 | Shoals:4 | Entered Level 4 of the Shoals
 68091 | Shoals:4 | Reached XP level 20. HP: 172/172 MP: 20/20
 68547 | Shoals:4 | Received a gift from Trog
 68719 | Shoals:4 | Reached skill level 10 in Shields
 68736 | Shoals:4 | HP: 48/172 [drowned by a drowned soul[a merfolk avatar]
                  | (9)]
 69047 | Shoals:4 | Got a barnacled rune of Zot
 69117 | Shoals:4 | Identified the +3 chain mail of Defence {rElec Str-4
                  | Stlth+}
 69811 | Vaults:1 | Entered Level 1 of the Vaults
 70553 | Vaults:1 | Reached skill level 19 in Fighting
 70752 | Vaults:1 | Received a gift from Trog
 71204 | Vaults:1 | Reached skill level 10 in Dodging
 72728 | Vaults:1 | Received a gift from Trog
 72939 | Vaults:1 | Reached XP level 21. HP: 182/182 MP: 21/21
 73005 | Vaults:1 | You fall into a shaft and drop 1 floor!
 73555 | Vaults:2 | Reached skill level 20 in Fighting
 73982 | Vaults:2 | Received a gift from Trog
 74653 | Vaults:2 | Upgraded the game from 0.28-a0-726-g4a9143789a to
                  | 0.28-a0-730-g892d06dc2c
 75518 | Vaults:2 | Received a gift from Trog
 76152 | Vaults:2 | Upgraded the game from 0.28-a0-730-g892d06dc2c to
                  | 0.28-a0-750-g7c675f85b1
 76804 | Vaults:3 | Noticed Margery
 77396 | Vaults:2 | Killed Margery
 77586 | Vaults:3 | Reached XP level 22. HP: 183/190 MP: 22/22
 78389 | Vaults:3 | Received a gift from Trog
 79441 | Vaults:3 | Found a staircase to the Crypt.
 80149 | Vaults:4 | Found a flickering gateway to a bazaar.
 80166 | Bazaar   | Entered a bazaar
 80166 | Bazaar   | Found Heback's Weapon Shoppe.
 80166 | Bazaar   | Found Cefam's Weapon Emporium.
 80177 | Bazaar   | Found Xilu's Jewellery Shoppe.
 80193 | Bazaar   | Found Kautueh's General Store.
 80207 | Bazaar   | Upgraded the game from 0.28-a0-750-g7c675f85b1 to
                  | 0.28-a0-751-gef3a642a4e
 80213 | Bazaar   | Bought a scroll of magic mapping for 31 gold pieces
 80650 | Vaults:4 | Reached ****** piety under Trog
 80806 | Vaults:4 | Noticed Mennas
 80978 | Vaults:4 | Noticed Donald
 81008 | Vaults:4 | Killed Donald
 81509 | Depths:1 | Entered Level 1 of the Depths
 81517 | D:15     | Received a gift from Trog
 81764 | D:15     | Reached skill level 15 in Throwing
 82142 | Depths:1 | Found a gateway to a ziggurat.
 82275 | Depths:1 | Found a stormy altar of Qazlal.
 82493 | Depths:1 | HP: 50/190 [iron troll (10)]
 83290 | Depths:1 | Found a gateway to Hell.
 83395 | Depths:1 | Reached XP level 23. HP: 176/196 MP: 23/23
 83520 | Depths:1 | Received a gift from Trog
 84141 | Depths:2 | Upgraded the game from 0.28-a0-751-gef3a642a4e to
                  | 0.28-a0-773-g130ae17fe5
 84878 | Depths:2 | Received a gift from Trog
 85268 | Depths:2 | Found a one-way gate leading to the halls of Pandemonium.
 85305 | Depths:2 | Found a one-way gate to the infinite horrors of the Abyss.
 85618 | Depths:2 | Found a shimmering altar of Xom.
 86273 | Depths:3 | HP: 49/196 [spriggan defender (21)]
 86283 | Depths:2 | HP: 23/196 [spriggan defender (11)]
 87729 | Depths:2 | Acquired a manual of Throwing
 88347 | Depths:3 | Noticed a golden dragon
 88361 | Depths:3 | Killed a golden dragon
 89477 | Depths:3 | Noticed a juggernaut
 89505 | Depths:2 | HP: 54/196 [sphinx/divine providence (11)]
 89510 | Depths:2 | HP: 44/196 [deep troll (9)]
 90121 | Depths:3 | Noticed a caustic shrike
 90514 | Depths:2 | Killed a caustic shrike
 90630 | Depths:4 | Entered Level 4 of the Depths
 90639 | Depths:3 | Reached XP level 24. HP: 201/202 MP: 23/23
 90656 | Depths:3 | Received a gift from Trog
 92031 | Depths:3 | Killed a juggernaut
 93075 | Depths:4 | Found a basalt altar of Yredelemnul.
 94056 | Depths:4 | Reached skill level 10 in Evocations
 94193 | Depths:4 | Received a gift from Trog
 94356 | Depths:4 | Found a gate to the Realm of Zot.
 94397 | Depths:4 | Found Zaonwuel's Jewellery Emporium.
 94398 | Depths:4 | Found Miqaman's Book Shop.
 94398 | Depths:4 | Found Kyd Jaski's Book Shop.
 94876 | Vaults:1 | Acquired the ring "Iryguefyplu" {rElec rPois rF+ Will+}
 95032 | Elf:1    | Entered Level 1 of the Elven Halls
 95313 | Orc:2    | Reached skill level 15 in Dodging
 96673 | Elf:1    | Identified the +6 quarterstaff of Charity {vorpal, rCorr
                  | Dex+2 SInv}
 97370 | Elf:2    | Found Gifaun's Jewellery Shoppe.
 97394 | Elf:2    | Found a runed translucent gate.
 97394 | Elf:2    | Found a runed translucent gate.
 97395 | Elf:2    | Found a runed translucent gate.
 97397 | Elf:2    | Noticed Gerad's ghost (veteran VSAK)
 97514 | Elf:2    | Reached skill level 21 in Fighting
 97648 | Elf:2    | Received a gift from Trog
 97947 | Elf:2    | Found a runed translucent gate.
 97947 | Elf:2    | Found a runed translucent gate.
 97951 | Elf:2    | Found a runed translucent gate.
 98568 | Elf:2    | Found a viscous altar of Jiyva.
 98572 | Elf:3    | Entered Level 3 of the Elven Halls
 98758 | Elf:3    | Reached XP level 25. HP: 215/215 MP: 23/23
 99581 | Elf:3    | Identified the +3 scimitar of the Magi {chaos, rF+}
 99733 | Elf:3    | Received a gift from Trog
 99787 | Elf:3    | Identified the ring of Stoicism {Wiz rF+ Dex+2}
 99994 | Elf:3    | Identified the +8 quarterstaff of Righteous Anger {freeze,
                  | +Blink rF+ Str+2}
100257 | Elf:3    | Identified the amulet "Ewkasoas" {Faith Harm Int+4}
100402 | Elf:3    | Identified the +7 flail of the Endless Expanse {speed, rN++
                  | Int+3}
100695 | Elf:3    | Identified the +5 ring mail of Lucidity {rElec rN+ Int+4}
100805 | Elf:3    | Received a gift from Trog
101478 | Elf:3    | Identified the +5 scale mail "Oniam" {Harm Int+4}
101744 | Elf:3    | Identified the +9 hunting sling "Gynixke" {flame, Str+8
                  | Stlth+}
101745 | Elf:3    | Upgraded the game from 0.28-a0-773-g130ae17fe5 to
                  | 0.28-a0-779-g3d1f99b579
101776 | Elf:3    | Identified the +1 dagger of Evisceration {vorpal, rC+
                  | Dex+4}
102757 | Crypt:1  | Entered Level 1 of the Crypt
103624 | Crypt:1  | Reached skill level 15 in Shields
104423 | Crypt:2  | Received a gift from Trog
104946 | Crypt:3  | Entered Level 3 of the Crypt
105572 | Crypt:2  | HP: 93/322 [flayed ghost/flay_damage[a curse skull] (29)]
106048 | Crypt:3  | Received a gift from Trog
106095 | Crypt:3  | Reached XP level 26. HP: 148/222 MP: 23/23
106418 | Crypt:3  | Identified the +8 scimitar of Earthquakes {vamp, rPois
                  | rCorr Int+2 Stlth+}
107222 | Crypt:3  | Identified the +9 flail "Igogg" {vorpal, rPois rC- rCorr
                  | Stlth+} (Trog gifted it to you on level 3 of the Crypt)
107222 | Crypt:3  | Received a gift from Trog
107268 | Crypt:3  | Found a basalt altar of Yredelemnul.
107638 | Crypt:3  | Found a staircase to the Tomb.
109547 | Crypt:3  | Received a gift from Trog
109769 | Crypt:3  | Identified the ring "Ireukero" {rElec rPois rC- rN+}
109769 | Crypt:3  | Identified the ring of Zengymo {rF+ rN+ Str+2 Int-4 Stlth+}
109769 | Crypt:3  | Identified the ring of the Commoners {rN+ Int+6 Dex-2}
110311 | Orc:2    | Bought a potion of haste for 140 gold pieces
110311 | Orc:2    | Bought a potion of haste for 140 gold pieces
110311 | Orc:2    | Bought a potion of might for 56 gold pieces
110311 | Orc:2    | Bought a potion of heal wounds for 70 gold pieces
110505 | D:8      | Killed pokedragonboy's ghost
110943 | Orc:2    | Bought a potion of mutation for 112 gold pieces
110943 | Orc:2    | Bought a potion of mutation for 112 gold pieces
110970 | Orc:2    | Bought a scroll of silence for 97 gold pieces
110970 | Orc:2    | Bought a scroll of summoning for 123 gold pieces
111592 | Elf:2    | Killed Gerad's ghost
111612 | Elf:2    | Identified the +8 flail "Kyushus" {spect, rF+ rC+ Stlth+}
111675 | Elf:2    | Noticed Louise
111702 | Elf:2    | Killed Louise
112033 | Elf:2    | Received a gift from Trog
112816 | Vaults:5 | Entered Level 5 of the Vaults
113164 | Vaults:5 | Identified the +10 bardiche "Ewanuamm" {vorpal, *Slow rElec
                  | Str+2 Dex+10} (Trog gifted it to you on level 5 of the
                  | Vaults)
113164 | Vaults:5 | Received a gift from Trog
113251 | Vaults:5 | Reached XP level 27. HP: 136/229 MP: 23/23
113255 | Vaults:5 | Noticed an ancient lich
113263 | Vaults:5 | HP: 32/229 [ancient lich/crystal spear (75)]
113264 | Vaults:5 | HP: 14/229 [tengu reaver (10)]
113271 | Vaults:5 | Killed from afar by an ancient lich

Illustrated notes

Levels and vault maps discovered:
D:1:      dpeg_arrival_water_temple_mockup, layout_basic
D:2:      layout_loops_ring, hellmonk_ecumenical_altar_slurped_away
D:3:      layout_basic, lemuel_crystal_altar, st_stairs_5, corexii_corridor_pit
D:4:      layout_loops_cross, minmay_temple_entry_trees
D:5:      layout_loops_ring
D:6:      layout_rooms, grunt_ministairs_3, dk_noncrumbling_2,
          kennysheep_generic_room_2
D:7:      layout_basic, minmay_misc_feat_more_columns
D:8:      layout_loops_ring, ebering_ghost_disaster_area, uniq_maurice,
          uniq_pikel, uniq_erica
D:9:      layout_roguey
D:10:     layout_basic
D:11:     layout_gridville, david_lair_generic, orc_0_dummy
D:12:     layout_irregular_city, kennysheep_nondescript
D:13:     layout_rooms, serial_shops, nicolae_square_shop, lemuel_nasty_fountain
D:14:     minmay_wavy_crystal, layout_long_grid,
          skrybe_vaults_entry_preservation, nicolae_trove_entry_diagonal,
          moated_statue, minmay_hollow_rounded_squares
D:15:     gammafunk_depths_entry_grave, layout_basic, nicolae_ru_path_of_blood
Lair:1:   layout_loops_ring, wad_woods_river_02
Lair:2:   layout_chaotic_city, guppyfry_snake_entry_island,
          serial_bayou_shore_b, grunt_megastairs_2
Lair:3:   layout_hall_layers, minmay_shoals_entry_centaurs, lemuel_fruit_tree,
          uniq_sonja
Lair:4:   layout_cave_shapes, chequers_serial_rivers_micro_d, minivault_27,
          uniq_rupert
Lair:5:   layout_regular_city
Lair:6:   grunt_lair_end_beastmaster, layout_misc_corridors, slime_altar_1,
          bobbens_ice_dragon_lair, serial_bayou_shore_b, grunt_megastairs_5
Shoals:1: layout_shoals, nicolae_shoals_mertower, uniq_jorgrun
Shoals:2: layout_shoals, abandoned_shop, nicolae_shoals_secluded_bog
Shoals:3: layout_shoals, serial_shops, shop, shop, shop, hangedman_shoal_volcano
Shoals:4: shoals_end_hangedman, layout_shoals, nicolae_shoals_lost_giant_pillars
Snake:1:  layout_gridlike, basic_altar, serial_shops, nicolae_square_shop
Snake:2:  layout_layer_cave, minmay_shop_star, serial_bayou_shore_a
Snake:3:  layout_misc_corridors, uniq_aizul, uniq_nikola
Snake:4:  johnstein_snake_rune_scales, layout_chambers,
          nicolae_coiled_stairwell_up, grunt_megastairs_1
Orc:1:    layout_caves, basic_altar, serial_shops, shop
Orc:2:    grunt_orc_community_town_hall, layout_diamond_mine,
          grunt_orc_community_big_house_1, grunt_orc_community_big_house_1,
          grunt_orc_community_house_3, grunt_orc_community_house_2,
          grunt_orc_community_house_1, grunt_orc_community_house_3,
          grunt_orc_community_house_1, grunt_orc_community_house_3
Elf:1:    elf_arrival_002, layout_geoelf_grid, hangedman_corner_corridor,
          minivault_15, hangedman_glass_teeth,
          einodemon_armed_red_devil_minivault
Elf:2:    elven_hall_of_blades_hangedman_original
          [nicolae_blade_entry_pointy_end], layout_loops_corners,
          gammafunk_ghost_ooze, special_room [special_room_mythical_zoo],
          minmay_shop_enchanted_jewellery, st_stairs_5, uniq_louise
Elf:3:    minmay_elf_hall_statues, layout_rooms, hangedman_decor_cross_pass
Vaults:1: portal_desolation_entry_nicolae_nacl, vaults_mumra_hexcomb,
          v_pattern_1, st_lattice, hangedman_vaults_slither,
          vaults_room_corners, nicolae_vaults_three_branches,
          nicolae_vaults_windows_and_doors_thing, vaults_room_stairs_pillars,
          vaults_room_ringed_pool, layout_vaults_omnigrid
Vaults:2: hangedman_vaults_unwind, vaults_room_large_hall,
          nicolae_vaults_little_squares_4, v_misc_33, hangedman_vaults_cutoff,
          v_alt_pattern_5, v_rooms_2, nicolae_vaults_circle_grid_b,
          hangedman_vaults_maws, nicolae_vaults_little_squares_4, st_cells,
          layout_vaults_omnicross
Vaults:3: vaults_room_pools, minmay_crypt_entry_simple_sparse, v_pattern_3,
          v_alt_pattern_6, v_rooms_3, v_misc_29, vaults_dpeg_ring,
          nicolae_vaults_shelves_hall, hangedman_vaults_nails,
          layout_vaults_maze, uniq_margery
Vaults:4: v_misc_23, vaults_room_fancy_cross, grunt_vaults_trifunnel,
          vaults_room_pools, nicolae_vaults_little_squares_5, v_misc_8,
          nicolae_vaults_specimen_jars, vaults_standard_mumra_lines,
          v_alt_pattern_3, nicolae_vaults_little_squares_1,
          vaults_standard_mumra_x, nicolae_vaults_diagonal_hallway_6,
          nicolae_vaults_little_ls, nicolae_vaults_alarming,
          nicolae_vaults_mini_display_case, ontoclasm_vaults_gateway,
          vaults_room_guarded_vault, layout_vaults_chaotic_city, serial_shops,
          bzr_entry_road, uniq_donald, uniq_mennas
Vaults:5
Crypt:1:  layout_misc_corridors, amcnicky_mini_rare_corridor_liquid,
          minmay_misc_feat_hallway, grunt_crypt_arrival_split,
          roderic_lattice_octagonal_star, grunt_megastairs_4
Crypt:2:  layout_gridlike
Crypt:3:  church_of_pain_bobbens, layout_chaotic_city, tomb_entry_shell_bobbens
Depths:1: layout_gridlike, enter_ziggurat_f, hell_entry,
          serial_sigils_hangedman_gut, grunt_qazlal_sundering
Depths:2: minmay_tri_stars, layout_basic, pan_entry, minmay_room_of_horrors,
          pf_hell_entry_great_geh, chequers_serial_rivers_room_b,
          xom_teletrap_fun
Depths:3: minmay_four_inscribed_fans, layout_long_grid,
          infiniplex_enter_wizlab_spiral, hell_entry, abyss_entry
Depths:4: evilmike_zot_entry_basic, layout_gridlike, old_standard_altar,
          hell_entry, pan_entry, minmay_shop_grove

Skill      XL: |  1  2  3  4  5  6  7  8  9 10 11 12 13 14 15 16 17 18 19 20 21 22 23 24 25 26 |
---------------+-------------------------------------------------------------------------------+-----
Armour         | 3 4 5 6 7 9 10 12 14 15 16 17 18 19 20 | 20.0
Fighting       | 4 5 6 8 9 10 12 14 15 16 17 18 19 20 21 | 21.5
Maces & Flails | 4 5 6 8 9 11 15 16 | 16.0
Shields        | 2 5 6 8 9 10 11 12 14 15 17 | 17.2
Evocations     | 1 5 6 7 8 9 10 12 14 | 14.2
Throwing       | 1 6 7 8 9 10 11 12 13 15 18 20 | 20.2
Dodging        | 3 5 7 8 10 11 13 14 15 17 18 | 18.5

Action                   |  1- 3 |  4- 6 |  7- 9 | 10-12 | 13-15 | 16-18 | 19-21 | 22-24 | 25-27 || total
-------------------------+-------+-------+-------+-------+-------+-------+-------+-------+-------++-------
Melee: Dagger            |   118 |   247 |   251 |    21 |       |       |       |       |       ||   637
       Whip              |       |       |       |   735 |  1892 |       |       |       |       ||  2627
       Eveningstar       |       |       |       |       |   284 |  1185 |  1549 |  1788 |  1265 ||  6071
 Fire: Hunting sling     |       |       |       |       |       |       |       |       |    39 ||    39
Throw: Javelin           |       |       |       |     3 |     2 |     6 |    16 |    20 |    12 ||    59
       Dart              |       |       |       |     3 |     4 |     2 |       |       |       ||     9
       Boomerang         |       |       |       |       |       |       |    40 |    42 |   132 ||   214
Invok: Berserk           |     2 |     6 |     8 |    41 |    74 |    17 |    15 |    20 |     4 ||   187
       Trog's Hand       |       |       |     4 |    11 |     7 |    11 |    29 |    29 |    16 ||   107
       Brothers in Arms  |       |       |       |       |     1 |     2 |     8 |     2 |     5 ||    18
Evoke: Wand              |       |       |       |     3 |    18 |     3 |    29 |    10 |       ||    63
       Condenser vane    |       |       |       |       |     1 |     2 |       |     1 |     1 ||     5
       Phantom mirror    |       |       |       |       |       |       |       |       |     1 ||     1
  Use: Scroll            |       |       |     3 |    10 |    13 |     7 |    10 |    10 |     7 ||    60
       Potion            |       |       |       |     3 |       |     1 |     3 |     6 |     3 ||    16
 Stab: Distracted        |       |       |       |       |     1 |     1 |     1 |     1 |     2 ||     6
       Petrified         |       |       |       |       |     1 |       |       |       |       ||     1
Armor: Animal skin       |    20 |       |       |       |       |       |       |       |       ||    20
       Chain mail        |    41 |   123 |   159 |   157 |       |       |       |       |       ||   480
       Plate armour      |       |       |       |   391 |  1329 |   561 |   835 |   564 |       ||  3680
       Gold dragon scale |       |       |       |       |       |       |       |   391 |   522 ||   913
Dodge: Dodged            |    48 |    98 |   111 |   126 |   437 |   399 |   689 |   566 |   247 ||  2721
Block: Kite shield       |       |       |       |   320 |  1165 |   641 |   660 |       |       ||  2786
       Tower shield      |       |       |       |       |       |       |   503 |  1658 |  1016 ||  3177

Table legend: (Time is in decaauts)
 A = Elapsed time spent in this place.
 B = Non-inter-level travel time spent in this place.
 C = Inter-level travel time spent in this place.
 D = Time resting spent in this place.
 E = Time spent auto-exploring this place.
 F = Levels seen in this place.
 G = Mean time per level.
                   A        B        C        D        E       F      G
               +--------+--------+--------+--------+--------+-----+--------+
         Total | 114791 |  97989 |  16802 |  35129 |  40055 |  48 | 2391.5 |
       Dungeon |  28622 |  24432 |   4190 |   8466 |  11570 |  15 | 1908.1 |
          Lair |  19738 |  17579 |   2159 |   8236 |   5580 |   6 | 3289.7 |
        Shoals |   8143 |   6783 |   1360 |   1833 |   3115 |   4 | 2035.8 |
     Snake Pit |  13122 |  11049 |   2073 |   3539 |   5271 |   4 | 3280.5 |
  Orcish Mines |   4698 |   3724 |    974 |   1156 |   1482 |   2 | 2349.0 |
   Elven Halls |   7880 |   6306 |   1574 |   1334 |   2841 |   3 | 2626.7 |
        Vaults |  12784 |  10279 |   2505 |   3691 |   3210 |   5 | 2556.8 |
         Crypt |   7260 |   6410 |    850 |   2238 |   2709 |   3 | 2420.0 |
        Depths |  12249 |  11135 |   1114 |   4538 |   4238 |   4 | 3062.2 |
         Abyss |    210 |    210 |      0 |     93 |      0 |   1 |  210.0 |
        Bazaar |     83 |     83 |      0 |      0 |     37 |   1 |   83.0 |
               +--------+--------+--------+--------+--------+-----+--------+

Top non-repeatable levels by time:
Depths:2: 5246 daAuts
 Snake:4: 5063 daAuts
 Snake:2: 4201 daAuts
Vaults:2: 4113 daAuts
  Lair:6: 4096 daAuts
  Lair:1: 4032 daAuts
Vaults:1: 3791 daAuts
  Lair:5: 3715 daAuts
   Orc:2: 3527 daAuts
Depths:3: 3469 daAuts
    D:14: 3413 daAuts
Vaults:3: 3404 daAuts
   Elf:3: 3371 daAuts
    D:10: 3281 daAuts
    D:12: 3249 daAuts
